Map: Efflorescence LE

Players

Massa

  • Race: Terran Terran
  • League: Platinum

qqq

  • Race: Zerg Zerg

SehriyarJr - Winner!

  • Race: Terran Terran

kremsiz - Winner!

  • Race: Zerg Zerg

VOD

Have the link to the VOD?

Description

Time

  • Played on: April 22, 2021, 3:09 p.m.
  • Length: 13:59
Show
View Real Time Build Order
Export as new Build Order

Massa Terran 

Build Orders:  

Get SALT Encoding   

  12  0:00  SCV  
  13  0:12  SCV  
  14  0:18  Supply Depot  
  14  0:24  SCV  
  15  0:40  SCV, Barracks  
  16  0:49  Supply Depot  
  16  0:52  SCV  
  17  0:57  Refinery  
  17  1:04  SCV  
  18  1:12  Barracks  
  18  1:23  SCV  
  19  1:30  Barracks  
  19  1:33  Marine  
  19  1:37  SCV  
  21  1:51  Orbital Command  
  21  1:58  Barracks Tech Lab  
  22  2:07  Marine  
  22  2:17  Marauder  
  22  2:19  Marine  
  22  2:20  Stimpack  
  25  2:24  Supply Depot  
  25  2:26  Marine  
  26  2:37  Marine  
  26  2:38  Marauder  
  29  2:44  Marine  
  30  2:54  Marine  
  31  2:59  Marauder  
  31  3:02  Marine  
  34  3:12  Marine  
  35  3:20  Marine  
  35  3:21  Marauder  
  35  3:22  Supply Depot  
  35  3:24  Supply Depot  
  38  3:30  Marine  
  39  3:44  Marauder, Marine  
  39  3:48  Marine  
  43  3:57  Command Center  
  43  4:02  Marine  
  44  4:06  Marauder  
  32  4:32  Marauder, Marine x2  
  32  4:34  SCV  
  37  4:46  SCV  
  37  4:49  Marine x2  
  40  4:53  Marauder  
  38  5:09  Marine x2  
  39  5:15  Marauder  
  40  5:27  Marine  
  42  5:32  Barracks Reactor  
  37  5:35  Marine  
  37  5:37  Factory  
  37  5:38  Barracks, Factory  
  37  5:40  Refinery  
  36  5:42  Orbital Command  
  36  5:44  SCV  
  35  5:56  SCV  
  32  6:02  Marauder, Marine  
  33  6:08  SCV  
  34  6:13  Marine x2  
  34  6:14  Engineering Bay  
  34  6:16  Combat Shield  
  36  6:20  SCV, Marine  
  36  6:22  Factory Tech Lab  
  36  6:24  Factory Reactor  
  38  6:29  Marine  
  38  6:30  Marauder, Marine  
  38  6:31  Marine  
  38  6:32  SCV  
  44  6:37  Marine  
  45  6:41  SCV  
  45  6:44  SCV  
  47  6:47  Marine, Missile Turret  
  47  6:51  Missile Turret  
  47  6:53  SCV  
  49  6:54  Siege Tank  
  52  7:05  Marine  
  53  7:09  Barracks Reactor, Barracks Tech Lab  
  53  7:10  Marine x2  
  53  7:12  SCV  
  53  7:13  SCV  
  53  7:24  Marauder  
  53  7:28  Marine x2  
  53  7:29  Marauder  
  44  7:45  Marauder, Marine x2  
  44  7:46  Marine x2  
  44  7:47  Siege Tank  
  44  7:48  Widow Mine x2  
  44  7:50  Marauder  
  59  7:52  SCV x2  
  59  7:56  Refinery  
  59  7:57  Refinery  
  61  8:03  Marine x2  
  61  8:04  SCV x2  
  65  8:09  Widow Mine x2  
  65  8:10  Missile Turret  
  69  8:16  SCV  
  70  8:32  Supply Depot  
  70  8:36  Command Center  
  70  8:47  Terran Infantry Weapons Level 1  
  70  8:51  Armory  
  70  8:54  Widow Mine, Siege Tank  
  70  8:55  SCV x2  
  77  9:01  Starport  
  77  9:04  Concussive Shells  
  77  9:07  SCV  
  78  9:21  Supply Depot  
  78  9:26  SCV, Marine  
  78  9:33  SCV, Marine  
  78  9:43  SCV, Marauder x2, Marine x3  
  86  9:48  Widow Mine x2, SCV, Supply Depot  
  86  9:50  Terran Vehicle And Ship Armor Level 1  
  86  9:51  Marine  
  92  9:54  Planetary Fortress  
  92  9:55  SCV  
  93  10:00  SCV  
  93  10:02  Missile Turret  
  93  10:03  Medivac  
  93  10:05  Marauder  
  98  10:07  SCV  
  99  10:16  Missile Turret  
  99  10:21  Missile Turret  
  99  10:22  Marine x5  
  99  10:26  Marine  
  105  10:32  SCV x2  
  105  10:33  SCV  
  108  10:38  Missile Turret  
  108  10:39  Marine  
  108  10:40  Marine x2  
  108  10:41  Missile Turret  
  107  10:44  SCV  
  97  10:59  Missile Turret  
  87  11:15  Marauder, Marine x2  
  87  11:16  Marauder, Marine x2  
  86  11:18  Widow Mine x2  
  86  11:19  Widow Mine  
  86  11:20  Medivac  
  86  11:22  SCV x3  
  93  11:26  Refinery x2  
  93  11:33  Marine x2  
  93  11:34  SCV x2, Terran Infantry Weapons Level 2  
  93  11:37  Marauder  
  103  11:40  Widow Mine x2, Engineering Bay  
  103  11:50  Medivac  
  103  11:52  Command Center  
  105  12:00  Widow Mine  
  109  12:01  Widow Mine  
  109  12:12  Widow Mine  
  109  12:28  Medivac  
  106  12:48  Marauder, Marine  
  109  12:59  Supply Depot x2  
  109  13:21  Widow Mine x3, Marauder x2, Marine x4, Medivac, Supply Depot  
  109  13:24  Supply Depot  
  125  13:39  Marine x2  
  125  13:40  Marine x2  
  125  13:42  Command Center  
  125  13:44  Supply Depot  
Show
View Real Time Build Order
Export as new Build Order

qqq Zerg 

Build Orders: Hatch First 

Get SALT Encoding   

  12  0:01  Drone  
  13  0:11  Drone  
  14  0:18  Overlord  
  14  0:45  Hatchery  
  13  0:54  Drone x2  
  13  0:55  Drone  
  16  1:14  Spawning Pool  
  16  1:17  Drone  
  16  1:22  Extractor, Drone  
  16  1:27  Drone  
  17  1:39  Drone  
  18  1:50  Drone  
  19  1:58  Drone  
  19  2:00  Drone  
  21  2:09  Extractor  
  21  2:12  Drone  
  21  2:13  Drone  
  21  2:15  Queen x2  
  24  2:22  Overlord  
  27  2:31  Drone x2  
  27  2:33  Metabolic Boost  
  28  2:40  Overlord  
  28  2:45  Zergling x4  
  30  2:52  Zergling x2  
  30  2:53  Zergling x2  
  32  3:12  Zergling x6  
  35  3:18  Baneling Nest  
  34  3:23  Zergling x4, Evolution Chamber  
  35  3:28  Zergling x10  
  35  3:32  Overlord  
  40  3:34  Zergling x2  
  40  3:40  Zergling x4  
  43  3:49  Overlord  
  43  3:50  Zergling x2  
  44  3:59  Overlord  
  44  4:00  Overlord  
  44  4:08  Zergling x6  
  43  4:18  Baneling x3  
  43  4:21  Zerg Melee Weapons Level 1  
  43  4:34  Zergling x6  
  43  4:35  Zergling x6  
  43  4:37  Baneling  
  45  4:59  Zergling x14  
  41  5:08  Zergling x2  
  41  5:15  Baneling x5  
  41  5:20  Zergling x4  
  43  5:22  Baneling x2  
  43  5:23  Baneling  
  43  5:24  Zergling x4  
  44  5:35  Zergling x4  
  33  6:04  Zergling x6  
  33  6:05  Zergling x4  
  38  6:13  Drone x2  
  38  6:14  Drone x5, Roach Warren  
  44  6:19  Zerg Ground Armor Level 1  
  44  6:23  Drone  
  45  6:29  Extractor  
  44  6:36  Overlord x2  
  44  6:37  Zergling x2  
  44  6:39  Baneling  
  45  6:40  Baneling x2  
  45  6:42  Drone  
  46  7:08  Overlord  
  46  7:09  Roach x2  
  46  7:10  Roach  
  46  7:11  Drone x4  
  46  7:12  Drone  
  52  7:27  Zergling x8  
  48  7:39  Roach x3  
  48  7:40  Zergling x8  
  56  7:53  Drone x2  
  56  7:54  Drone  
  59  8:07  Lair  
  59  8:09  Extractor, Baneling  
  59  8:11  Baneling  
  58  8:14  Baneling  
  58  8:15  Drone x2, Zergling x4  
  58  8:16  Zergling x6  
  65  8:32  Queen  
  67  8:37  Roach  
  67  8:39  Hatchery  
  68  8:46  Roach x3  
  74  8:48  Drone  
  74  8:53  Zerg Missile Weapons Level 1  
  74  8:55  Drone  
  76  8:56  Drone  
  77  9:08  Queen  
  78  9:13  Roach  
  78  9:14  Roach x2  
  78  9:15  Drone x3, Zergling x2  
  78  9:16  Zergling x2  
  89  9:21  Drone  
  90  9:39  Hydralisk Den  
  90  9:40  Extractor  
  90  9:42  Drone, Roach  
  90  9:43  Overlord  
  90  9:44  Overlord x2  
  91  9:47  Baneling  
  91  9:48  Baneling x4  
  91  10:01  Roach x3  
  91  10:02  Drone  
  91  10:03  Drone x2  
  94  10:18  Spore Crawler  
  94  10:20  Spore Crawler x2  
  88  10:22  Spore Crawler x2  
  88  10:25  Spore Crawler  
  77  10:31  Hydralisk  
  77  10:40  Roach x3  
  60  10:50  Roach x2  
  48  11:09  Spore Crawler  
  48  11:10  Drone x7  
  52  11:19  Drone x2  
  52  11:25  Hydralisk  
  56  11:27  Drone  
  56  11:30  Spore Crawler  
  56  11:35  Lurker Den  
  56  11:39  Hydralisk x2  
  58  11:48  Drone x2  
  58  11:54  Hydralisk  
  56  12:06  Extractor  
  56  12:07  Extractor  
  51  12:09  Lair  
  51  12:12  Queen  
  51  12:14  Drone x2  
  55  12:16  Drone  
  55  12:18  Drone  
  53  12:50  Roach x5  
  63  12:51  Drone x3  
  63  12:52  Drone  
  67  12:59  Hatchery  
  66  13:10  Spawning Pool  
  51  13:34  Drone  
  51  13:35  Drone x6  
Show
View Real Time Build Order
Export as new Build Order

SehriyarJr Terran - Winner!

Build Orders: Reaper Expand 

Get SALT Encoding   

  12  0:00  SCV  
  13  0:12  SCV  
  14  0:18  Supply Depot  
  14  0:24  SCV  
  15  0:39  SCV  
  15  0:42  Barracks  
  16  0:47  Refinery  
  16  0:52  SCV  
  18  1:04  SCV  
  18  1:16  SCV  
  19  1:29  Orbital Command  
  19  1:30  Reaper  
  20  1:42  Command Center  
  20  1:56  Barracks  
  20  1:57  SCV  
  21  2:07  Supply Depot  
  21  2:10  Barracks Reactor, SCV  
  22  2:22  SCV  
  23  2:34  SCV, Factory  
  24  2:37  Refinery  
  24  2:45  Barracks Tech Lab  
  24  2:46  SCV  
  24  2:47  Marine  
  24  2:48  Marine  
  27  2:55  Orbital Command  
  27  3:04  SCV  
  28  3:05  Marine x2  
  30  3:12  Marine  
  30  3:17  SCV  
  32  3:20  Stimpack  
  32  3:23  Marine  
  32  3:24  SCV  
  34  3:28  Marine  
  34  3:30  Marine  
  34  3:33  Starport  
  36  3:37  Factory Reactor  
  36  3:38  SCV  
  36  3:39  SCV  
  36  3:41  Marine  
  38  3:45  Marine  
  38  3:48  Marine  
  40  3:50  SCV  
  40  3:51  Supply Depot  
  42  3:59  SCV, Marine  
  44  4:03  Marine  
  44  4:06  Marine  
  44  4:08  Supply Depot  
  46  4:12  SCV  
  46  4:17  Marine  
  47  4:21  Marine  
  47  4:24  Marine  
  38  4:33  Supply Depot  
  38  4:34  Hellion, Marine  
  38  4:37  Hellion  
  43  4:39  Marine  
  43  4:42  Marine  
  43  4:43  SCV  
  46  4:52  Marine  
  47  4:55  Hellion  
  47  4:56  Medivac  
  47  4:57  Marine  
  47  4:58  Hellion  
  47  4:59  Marine  
  48  5:10  Marine  
  49  5:15  Marine  
  49  5:17  Hellion, Marine  
  49  5:20  Hellion  
  53  5:27  Medivac  
  53  5:28  Marine  
  56  5:32  Marine  
  56  5:35  Marine  
  51  5:46  Marine  
  51  5:50  Marine  
  51  5:53  Marine  
  52  6:03  SCV, Marine  
  54  6:07  SCV  
  54  6:08  Marine  
  54  6:11  Marine  
  57  6:13  Engineering Bay  
  57  6:15  SCV  
  57  6:16  Engineering Bay  
  58  6:19  SCV  
  58  6:21  Marine, Combat Shield  
  60  6:26  Marine  
  60  6:27  SCV, Hellion x2  
  60  6:28  Marine  
  60  6:29  Supply Depot  
  60  6:32  Starport Reactor  
  67  6:39  Marine  
  68  6:40  SCV, Barracks  
  68  6:41  SCV, Barracks  
  70  6:48  Terran Infantry Armor Level 1, Terran Infantry Weapons Level 1  
  70  6:51  Marine x2  
  70  6:52  SCV  
  73  6:54  SCV  
  73  6:56  Supply Depot  
  73  7:00  Marine  
  75  7:05  SCV  
  76  7:09  Marine x2  
  78  7:18  Marine  
  73  7:26  Marine x3  
  73  7:28  Marine  
  73  7:29  SCV  
  68  7:37  Marine  
  64  7:48  Refinery  
  65  7:52  Armory  
  65  7:53  Barracks Reactor x2, Command Center  
  65  7:57  Armory  
  64  8:05  Refinery  
  64  8:07  Supply Depot  
  64  8:08  SCV, Marine x3, Supply Depot  
  64  8:12  SCV  
  69  8:15  Medivac  
  69  8:16  Barracks, Medivac  
  69  8:19  Factory Tech Lab  
  73  8:20  SCV  
  73  8:21  Concussive Shells  
  73  8:24  SCV  
  73  8:25  Marine  
  73  8:26  Marine x2  
  78  8:32  SCV  
  79  8:34  Marine x2  
  79  8:35  Marine  
  79  8:36  SCV  
  79  8:37  Marine  
  84  8:43  Marine  
  84  8:44  SCV, Marine x2  
  84  8:48  SCV  
  89  8:52  Marine x2  
  89  8:53  Marine  
  89  8:54  Marine  
  93  8:56  SCV  
  93  8:57  Siege Tank  
  93  9:00  SCV  
  93  9:01  Marine x2  
  93  9:02  Marine  
  101  9:03  Missile Turret  
  102  9:10  Marine x2  
  102  9:11  Marine  
  102  9:12  Marine  
  102  9:16  Marine  
  102  9:17  Marine  
  106  9:21  Marine x3  
  110  9:28  Marine x2  
  110  9:29  Marine  
  113  9:37  Siege Tank  
  115  9:39  Orbital Command  
  115  9:41  SCV  
  116  9:49  Factory  
  116  10:00  Marine  
  116  10:05  Supply Depot  
  116  10:06  Supply Depot x2  
  117  10:08  Supply Depot  
  117  10:20  Marine x3  
  117  10:21  Marine x4  
  117  10:23  Marine x2  
  117  10:26  Siege Tank  
  120  10:38  Marine x3  
  120  10:39  Marine x4  
  120  10:41  Marine x2  
  90  10:54  Medivac  
  90  10:55  Medivac  
  90  10:56  Marine x5  
  90  10:57  Marine x2  
  88  10:59  Marine x2, Siege Tank  
  93  11:14  Marine x6  
  93  11:15  Marine  
  93  11:17  Factory Tech Lab, Marine x2  
  102  11:25  Refinery  
  102  11:31  Siege Tank  
  102  11:32  Marine x6, Command Center  
  111  11:33  Marine  
  111  11:35  Marine x2  
  111  11:36  Siege Tank  
  117  11:49  Marine  
  117  11:53  Marine x4  
  117  11:54  Marine x4  
  126  12:03  Siege Tank  
  126  12:07  Marine  
  130  12:09  Medivac x2  
  130  12:11  Marine x5  
  130  12:12  Marine x3  
  142  12:22  Supply Depot  
  142  12:23  Supply Depot  
  142  12:24  Supply Depot x2  
  142  12:25  Marine  
  142  12:28  Marine  
  142  12:29  Marine x5  
  149  12:38  Supply Depot  
  149  12:43  Marine x3, Siege Tank  
  155  12:44  Siege Tank  
  155  12:46  Marine x2  
  155  12:47  Marine x4  
  155  12:48  Supply Depot  
  164  13:01  Marine x3  
  164  13:04  Marine x3  
  170  13:14  Marine  
  170  13:16  Siege Tank  
  170  13:17  Marine, Siege Tank  
  170  13:18  Marine  
  170  13:19  Marauder, Marine x2  
  183  13:22  Marine x3  
  186  13:32  Marine  
  187  13:35  Marine x2  
  187  13:39  Marine  
  187  13:40  Marine x2  
Show
View Real Time Build Order
Export as new Build Order

kremsiz Zerg - Winner!

Build Orders: Hatch First 

Get SALT Encoding   

  12  0:01  Drone  
  13  0:16  Overlord  
  13  0:23  Drone  
  14  0:35  Drone x2  
  16  0:43  Drone  
  17  1:00  Hatchery, Drone  
  17  1:13  Drone, Extractor  
  17  1:17  Spawning Pool  
  16  1:21  Drone  
  16  1:25  Drone  
  18  1:54  Hatchery, Drone  
  18  1:55  Drone  
  18  1:58  Drone  
  20  2:14  Metabolic Boost  
  20  2:17  Queen  
  22  2:33  Queen  
  22  2:36  Overlord  
  24  2:38  Drone  
  24  2:41  Drone  
  26  2:48  Overlord  
  26  2:51  Zergling x2  
  26  2:52  Zergling x2  
  28  3:04  Zergling x4  
  28  3:05  Zergling x2  
  31  3:14  Zergling x6  
  31  3:18  Queen  
  36  3:37  Drone x6  
  42  3:50  Zergling x2  
  42  3:51  Zergling x6  
  46  3:59  Spine Crawler  
  46  4:00  Spine Crawler  
  43  4:07  Zergling x2  
  43  4:08  Zergling x8  
  43  4:12  Zergling x2  
  43  4:16  Overlord  
  42  4:25  Zergling x6  
  42  4:27  Zergling x2  
  39  4:32  Zergling x4  
  39  4:33  Zergling x2  
  40  4:49  Zergling x8  
  43  4:59  Zergling x2  
  37  5:05  Zergling x4  
  33  5:11  Queen  
  36  5:14  Zergling x8  
  36  5:20  Zergling x2  
  35  5:41  Drone x2  
  35  5:42  Zergling x4  
  38  5:49  Zergling x4  
  38  6:01  Zergling x4  
  37  6:05  Drone  
  37  6:15  Drone  
  37  6:17  Lair  
  38  6:19  Extractor x3  
  38  6:20  Drone  
  38  6:23  Drone  
  37  6:31  Drone  
  38  6:38  Drone x5  
  43  6:51  Zergling x2  
  43  6:53  Overlord  
  43  6:54  Overlord x2  
  44  7:04  Overlord x2  
  43  7:27  Zergling x2  
  43  7:29  Drone x5  
  44  7:34  Spire  
  44  7:36  Zergling x12  
  49  7:45  Drone x2  
  51  7:56  Drone x2  
  53  8:02  Hatchery, Drone x2  
  54  8:06  Drone x6  
  54  8:09  Hatchery  
  59  8:21  Overlord x2  
  59  8:43  Pneumatized Carapace  
  59  8:47  Mutalisk  
  59  8:48  Mutalisk x8  
  61  8:55  Queen  
  79  9:09  Mutalisk x5  
  80  9:14  Overseer  
  80  9:15  Mutalisk  
  80  9:16  Mutalisk x2  
  94  9:19  Zerg Flyer Weapons Level 1  
  94  9:32  Drone x7  
  101  9:51  Drone x4  
  101  9:52  Drone x6  
  111  9:53  Overlord  
  111  9:54  Extractor, Overlord x2  
  111  9:55  Extractor  
  109  10:15  Drone  
  109  10:16  Drone x8  
  107  10:30  Mutalisk  
  107  10:31  Mutalisk x10  
  119  10:48  Mutalisk  
  119  10:49  Mutalisk x3  
  123  10:59  Mutalisk  
  123  11:00  Mutalisk x2  
  123  11:03  Drone  
  126  11:17  Zerg Flyer Weapons Level 2  
  126  11:21  Mutalisk x4  
  134  11:28  Spine Crawler  
  129  11:48  Drone x7  
  129  11:53  Overlord x6  
  136  12:02  Overlord x2  
  136  12:03  Overlord  
  120  12:36  Mutalisk  
  120  12:37  Mutalisk x11  
  144  12:53  Hatchery  
  141  13:08  Mutalisk  
  141  13:09  Mutalisk x5  
  151  13:20  Drone x3  
  151  13:21  Drone x12  
  166  13:28  Infestation Pit  
  166  13:30  Extractor  
  166  13:34  Extractor  
Tags
 
Add a new tag
Caveats
  • Supply blocks, unpowered buildings, or Contaminate may cause inaccurate times.
  • Supply counts are checked every 10 seconds.